 Dungeon Crawl Stone Soup version 0.25-a0-942-g87a53962fc (webtiles) character file.

Game seed: 16748685584995124248, levelgen mode: classic

501 Amnesiac the Conjurer (level 6, -2/32 HPs)
             Began as a Deep Elf Wizard on May 7, 2020.
             Was a Believer of Vehumet.
             Shot with an arrow by a centaur (8 damage)
             ... on level 5 of the Dungeon.
             The game lasted 00:08:22 (3883 turns).

Amnesiac the Conjurer (Deep Elf Wizard)             Turns: 3883, Time: 00:08:23

Health: -2/32      AC:  5    Str:  4    XL:     6   Next: 95%
Magic:  3/16       EV: 11    Int: 25    God:    Vehumet [**....]
Gold:   308        SH:  0    Dex: 13    Spells: 4/16 levels left

rFire    + . .     SeeInvis .   a - +0 long sword
rCold    x . .     Gourm    .   (no shield)
rNeg     . . .     Faith    .   e - +0 leather armour (curse)
rPois    .         Spirit   .   s - +1 helmet
rElec    .         Reflect  .   (no cloak)
rCorr    .         Harm     .   (no gloves)
MR       .....                  (no boots)
Stlth    ++........             (no amulet)
HPRegen  0.10/turn              p - ring of fire
MPRegen  0.15/turn              (no ring)

@: no status effects
A: no striking features
a: Renounce Religion


You were on level 5 of the Dungeon.
You worshipped Vehumet.
Vehumet was pleased with you.
You were not hungry.

You visited 1 branch of the dungeon, and saw 5 of its levels.

You collected 308 gold pieces.

Inventory:

Hand Weapons
 a - a +0 long sword (weapon)
 m - a +1 whip of electrocution
Armour
 e - a cursed +0 leather armour (worn)
 i - a +1 leather armour of fire resistance
 o - a +0 buckler
 s - a +1 helmet (worn)
Jewellery
 p - a ring of fire (left hand)
Wands
 n - a wand of flame (17)
Scrolls
 b - 2 scrolls of random uselessness {!r, unknown}
 f - a scroll of teleportation {!r}
 g - a scroll of blinking {!r}
 j - 4 scrolls of magic mapping {!r}
 k - 2 scrolls of amnesia {!r}
Potions
 c - a potion of brilliance {!q, unknown}
 h - a potion of magic {!q, unknown}
 l - a potion of mutation {!q, unknown}
 q - a potion of stabbing {!q, unknown}
Comestibles
 d - 4 rations
 r - 6 chunks of flesh


   Skills:
 - Level 2.4 Dodging
 - Level 3.0 Stealth
 + Level 5.9 Spellcasting
 * Level 6.6 Conjurations
 - Level 1.1 Summonings
 - Level 1.1 Translocations
 + Level 2.4 Evocations


You had 4 spell levels left.
You knew the following spells:

 Your Spells              Type           Power        Failure   Level  Hunger
a - Shock                 Conj/Air       ###.         3%          1    None
b - Call Imp              Summ           ##......     13%         2    None
c - Magic Dart            Conj           ####         1%          1    None
e - Mephitic Cloud        Conj/Pois/Air  ###.....     16%         3    #......
s - Conjure Flame         Conj/Fire      #####...     11%         3    #......
v - Blink                 Tloc           N/A          13%         2    None

Your spell library contained the following spells:

 Spells                   Type           Power        Failure   Level  Hunger
 Foxfire                  Conj/Fire      ####         3%          1    None
 Slow                     Hex            #.......     21%         2    None
 Gell's Gravitas          Tloc           ##........   26%         3    #......
 Confusing Touch          Hex            #.......     38%         3    #......
 Petrify                  Tmut/Erth      #.......     80%         4    ###....
 Metabolic Englaciation   Hex/Ice        #.........   98%         5    #####..
 Yara's Violent Unravell  Hex/Tmut       #.........   98%         5    #####..


Dungeon Overview and Level Annotations

Branches:
Dungeon (5/15)
 Temple: D:4-7

Altars:
Ru
Vehumet

Annotations:
D:2 Terence
D:4 Pikel


Message History

You don't have enough magic to cast that spell.
You hit the howler monkey skeleton.
You destroy the howler monkey skeleton!
Vehumet accepts your kill.
You feel your power returning.
You see here a howler monkey corpse.
You butcher the howler monkey corpse.
r - 3 chunks of flesh You see here a howler monkey skeleton.
You start resting.
A hound comes into view.
Casting: Shock (safe; 3% risk of failure)
Confirm with . or Enter, or press ? or * to list all spells.
Aiming: Shock (safe; 3% risk of failure)
Press: ? - help, Shift-Dir - straight line, f - hound
Aim: a hound (hasn't noticed you)
The zap hits the hound.
The hound is moderately wounded.
The hound bites you. The hound bites you but does no damage.
The hound bites you. x2
The hound bites you but does no damage. The hound completely misses you.
Casting: Shock (safe; 3% risk of failure)
Confirm with . or Enter, or press ? or * to list all spells.
Aiming: Shock (safe; 3% risk of failure)
Press: ? - help, Shift-Dir - straight line, f/p - hound
Aim: a hound (lightly wounded)
The zap hits the hound!
The hound is severely wounded.
The zap hits the hound.
The hound is almost dead.
The hound bites you.
Casting: Shock (safe; 3% risk of failure)
Confirm with . or Enter, or press ? or * to list all spells.
Aiming: Shock (safe; 3% risk of failure)
Press: ? - help, Shift-Dir - straight line, f/p - hound
Aim: a hound (almost dead)
The zap hits the hound!
You kill the hound!
Vehumet accepts your kill.
You feel your power returning.
Casting: Shock (safe; 3% risk of failure)
Confirm with . or Enter, or press ? or * to list all spells.
You can't see any susceptible monsters within range! (Use Z to cast anyway.)
You see here a hound corpse.
You butcher the hound corpse.
r - 6 chunks of flesh (gained 3)
You see here a hound skeleton.
You start resting.
Your magical contamination has completely faded away.
You start resting.
A centaur comes into view.
The centaur wields a +0 shortbow.
The centaur shoots an arrow.
The arrow hits you.
* * * LOW HITPOINT WARNING * * *
A centaur is nearby!
Unknown command.
Casting: Shock (safe; 3% risk of failure)
Confirm with . or Enter, or press ? or * to list all spells.
A beastly little devil appears in a puff of flame.
The centaur shoots an arrow.
The arrow hits you!
* * * LOW HITPOINT WARNING * * *
The centaur shoots an arrow.
The arrow hits you!
You die...

..........#...........# .
.^...##.###...........##..
.....#....#............c..
..........................
.......................$.#
##.......................#
##.###..........÷(.......#
..................5###.).#
#...............@..# ..#
#...............####
#...............#
................#
..................#
.......÷..........#
.....†.###..........
[...... #.###.......
....... ... #.......


You could see a centaur and a friendly crimson imp.

Vanquished Creatures
  3 slaves
  A scorpion (D:4)
  A howler monkey (D:5)
  A bullfrog zombie (D:5)
  A hound (D:5)
  4 orc wizards (D:4)
  A centaur skeleton (D:5)
  An iguana (D:4)
  Natasha (thrice) (D:3)
  A worker ant (D:5)
  A howler monkey skeleton (D:5)
  An adder (D:3)
  3 dart slugs
  5 leopard geckos
  12 orcs (D:4)
  A ball python (D:3)
  3 giant cockroaches
  4 goblins
  4 hobgoblins
  4 jackals (D:5)
  4 bats (D:1)
  4 frilled lizards
  4 kobolds
  A quokka skeleton (D:4)
  5 rats
73 creatures vanquished.

Notes
Turn   | Place    | Note
-------+----------+-------------------------------------------
     0 | D:1      | Amnesiac the Deep Elf Wizard began the quest for the Orb.
     0 | D:1      | Reached XP level 1. HP: 10/10 MP: 7/7
   126 | D:2      | Noticed Terence
   332 | D:2      | Reached skill level 2 in Conjurations
   332 | D:2      | Reached XP level 2. HP: 15/15 MP: 3/9
   336 | D:2      | Learned a level 2 spell: Blink
   339 | D:2      | Learned a level 2 spell: Call Imp
   499 | D:3      | Found a radiant altar of Vehumet.
   502 | D:3      | Became a worshipper of Vehumet
   861 | D:1      | Reached skill level 3 in Conjurations
  1298 | D:1      | Reached XP level 3. HP: 19/19 MP: 7/11
  1303 | D:1      | Learned a level 3 spell: Conjure Flame
  1307 | D:1      | Learned a level 3 spell: Mephitic Cloud
  1525 | D:2      | Found a faded altar of an unknown god.
  1772 | D:3      | Noticed Natasha
  1778 | D:3      | Killed Natasha
  1778 | D:3      | Reached skill level 4 in Conjurations
  1989 | D:3      | Reached * piety under Vehumet
  1989 | D:3      | Offered knowledge of Shock by Vehumet.
  1989 | D:3      | Reached XP level 4. HP: 24/24 MP: 9/12
  1992 | D:3      | Learned a level 1 spell: Shock
  2064 | D:3      | Noticed Natasha
  2068 | D:3      | Killed Natasha
  2128 | D:3      | Found a sacrificial altar of Ru.
  2372 | D:3      | Noticed Natasha
  2378 | D:3      | Killed Natasha
  2672 | D:4      | Reached skill level 5 in Spellcasting
  2672 | D:4      | Reached skill level 5 in Conjurations
  2672 | D:4      | Reached XP level 5. HP: 28/28 MP: 5/14
  2888 | D:4      | Reached skill level 1 in Evocations
  2993 | D:4      | Reached XP level 6. HP: 32/32 MP: 13/16
  3085 | D:4      | Reached skill level 6 in Conjurations
  3365 | D:4      | Offered knowledge of Foxfire by Vehumet.
  3442 | D:4      | Noticed a slave
  3443 | D:4      | Noticed a slave
  3454 | D:4      | Killed a slave
  3465 | D:4      | Killed a slave
  3495 | D:4      | Noticed Pikel
  3544 | D:4      | Noticed a slave
  3552 | D:4      | Noticed a slave
  3559 | D:5      | Entered Level 5 of the Dungeon
  3584 | D:5      | Killed a slave
  3705 | D:5      | Reached ** piety under Vehumet
  3883 | D:5      | Shot with an arrow by a centaur

Levels and vault maps discovered:
D:1:      heliophobic_arrival_glass_houses, layout_rooms, chequers_garden,
          minmay_pentomino_v2
D:2:      layout_loops_ring, chequers_ecumenical_altar_grove, uniq_terence
D:3:      wander_river, layout_rooms, lemuel_crystal_altar, first_ration,
          lemuel_statue_altar, uniq_natasha
D:4:      layout_basic, kennysheep_flooded_box, uniq_pikel
D:5:      layout_basic, gammafunk_ghost_abyssal_escape, nrook_loot_triangle,
          nrook_uturn, minmay_shop_damaged, hangedman_abyss_or_decor_stagger

Skill      XL: |  1  2  3  4  5  6 |
---------------+-------------------+-----
Conjurations   | 2 3 4 5 6 |  6.6
Stealth        | 3 |  3.0
Spellcasting   | 5 |  5.9
Evocations     | 1 2 |  2.4
Dodging        | |  2.4
Summonings     | |  1.1
Translocations | |  1.1

Action                   |  1- 3 |  4- 6 || total
-------------------------+-------+-------++-------
Melee: Long sword        |       |     1 ||     1
 Cast: Magic Dart        |    65 |    82 ||   147
       Blink             |     2 |       ||     2
       Call Imp          |     1 |     1 ||     2
       Mephitic Cloud    |       |     3 ||     3
       Shock             |       |    45 ||    45
  Use: Scroll            |     4 |     3 ||     7
       Potion            |     1 |     1 ||     2
  Eat: Chunk             |     3 |     6 ||     9
Armor: Robe              |     2 |       ||     2
       Leather armour    |       |    15 ||    15
Dodge: Dodged            |     8 |    23 ||    31
       Rpst.: Long sword |       |     6 ||     6

Table legend:
 A = Non-vault XP
 B = Vault XP
 C = Vault XP percentage of total XP
 D = Non-vault monster count
 E = Vault monster count
 F = Vault count percentage of total count
                 A         B        C        D         E       F
            +---------+---------+-------+---------+---------+-------
      Total |     681 |      36 |   5.0 |      68 |       2 |   2.9
            +---------+---------+-------+---------+---------+-------
        D:1 |      27 |       1 |   3.6 |      16 |       1 |   5.9
        D:2 |      17 |       0 |   0.0 |       8 |       0 |   0.0
        D:3 |     101 |      35 |  25.7 |      12 |       1 |   7.7
        D:4 |     298 |       0 |   0.0 |      21 |       0 |   0.0
        D:5 |     238 |       0 |   0.0 |      11 |       0 |   0.0
            +---------+---------+-------+---------+---------+-------
